 Dungeon Crawl Stone Soup version 0.26-a0-651-gb41185065b (webtiles) character file.

Game seed: 5161371966981399195

22181 kae the Grappler (level 12, -5/96 HPs)
             Began as a Yellow Draconian Transmuter on Oct 27, 2020.
             Was a High Priest of Wu Jian.
             Slain by a yak (10 damage)
             ... on level 3 of the Lair of Beasts.
             The game lasted 00:22:00 (17694 turns).

kae the Grappler (Yellow Draconian Transmuter)     Turns: 17694, Time: 00:22:00

Health: -5/96      AC: 13    Str: 16    XL:     12   Next: 60%
Magic:  19/21      EV: 19    Int: 15    God:    Wu Jian [*****.]
Gold:   1092       SH:  0    Dex: 12    Spells: 2/23 levels left

rFire    . . .     SeeInvis .     - Unarmed
rCold    . . .     Faith    .   (shield currently unavailable)
rNeg     . . .     Spirit   .   (armour unavailable)
rPois    .         Reflect  .   (helmet restricted)
rElec    .         Harm     .   (no cloak)
rCorr    +         Rampage  .   (gloves currently unavailable)
MR       .....                  q - +0 pair of boots
Stlth    +.........             (no amulet)
HPRegen  0.26/turn              g - +4 ring of protection
MPRegen  0.17/turn              u - +4 ring of evasion

@: blade hands (expiring)
A: spit acid, unfitting armour, cold-blooded, acid resistance, AC +8
a: Breathe Acid, End Transformation, Wall Jump, Serpent's Lash, Heavenly Storm,
Renounce Religion


You were on level 3 of the Lair of Beasts.
You worshipped Wu Jian.
Wu Jian was extremely pleased with you.
You had blades for hands.
You visited 2 branches of the dungeon, and saw 14 of its levels.
You also visited: Bailey.

You collected 1092 gold pieces.

Inventory:

Armour
 c - a +2 pair of gloves (melded)
 q - a +0 pair of boots (worn)
Jewellery
 g - a +4 ring of protection (left scythe-like blade)
 u - a +4 ring of evasion (right scythe-like blade)
 C - an uncursed amulet of magic regeneration
 D - an uncursed ring of fire
 F - an uncursed ring of see invisible
 G - an uncursed ring of flight {unknown}
Wands
 k - a wand of digging (9)
 p - a wand of paralysis (13)
 s - a wand of polymorph (6)
 v - a wand of flame (13)
 w - a wand of disintegration (14)
 x - a wand of acid (13)
 E - a wand of random effects (15)
Scrolls
 b - 11 scrolls of remove curse
 e - 3 scrolls of amnesia
 h - 8 scrolls of teleportation
 i - 2 scrolls of fog
 l - a scroll of fear
 r - a scroll of blinking
 y - 2 scrolls of acquirement
 B - a scroll of magic mapping
Potions
 a - 2 potions of brilliance
 d - 8 potions of curing
 f - 2 potions of might
 j - a potion of magic
 m - a potion of haste
 n - 3 potions of lignification
 o - 2 potions of stabbing
 t - a potion of heal wounds
 z - 4 potions of flight
 A - a potion of mutation


   Skills:
 - Level 6.0 Fighting
 - Level 6.0 Dodging
 - Level 14.0 Unarmed Combat
 - Level 6.0 Spellcasting
 + Level 11.6 Transmutations
 - Level 4.0 Ice Magic


You had 2 spell levels left.
You knew the following spells:

 Your Spells              Type           Power        Failure   Level
a - Beastly Appendage     Tmut           #####.       8%          1
b - Wereblood             Tmut           #####...     9%          2
c - Spider Form           Tmut/Pois      ###.......   30%         3
d - Blade Hands           Tmut           #####.....   28%         5
e - Ice Form              Ice/Tmut       ####....     36%         4
f - Hydra Form            Tmut           #####.....   61%         6

Your spell library contained the following spells:

 Spells                   Type           Power        Failure   Level
 Ignite Poison            Fire/Tmut/Pois ###.....     43%         3
 Irradiate                Conj/Tmut      ###.......   78%         5
 Yara's Violent Unravell  Hex/Tmut       ###.......   78%         5


Dungeon Overview and Level Annotations

Branches:
Dungeon (11/15)            Temple (0/1) D:7            Lair (3/6) D:11
 Shoals (0/4) Lair:3          Orc (0/2) D:11         Bailey (visited)
  Snake: Lair:2-4    Spider: Lair:2-4

Altars:
Cheibriados
Fedhas
Makhleb
Okawaru
Sif Muna
Trog
Vehumet
Wu Jian
The Shining One

Annotations:
D:7 exclusion: upstairs


Innate Abilities, Weirdness & Mutations

You can spit globs of acid.
Your golden yellow scales are hard. (AC +8)
You cannot fit into any form of body armour.
You are cold-blooded and may be slowed by cold attacks.
You are resistant to acid. (rCorr)


Message History

You tail-slap the yak, but do no damage.
The yak is severely wounded.
The yak closely misses you.
You slice the yak!!
You kill the yak!
The Council accepts your kill.
You can now summon a storm of heavenly clouds to empower your attacks.
You slice the yak!!
The yak is heavily wounded.
You slice the yak!!
You kill the yak!
The Council accepts your kill.
You slice the yak!!
The yak is heavily wounded.
The yak gores you!
* * * LOW HITPOINT WARNING * * *
Your transformation is almost over.
There is a stone staircase leading up here.
The yak gores you!
You die...

.........................##
..........................#
[........................##
..##.....................##
.###......................#
..##.....................##
.##.####P................##
..###.###..#..............#
.#.P##..........@........##
....##..........YY.......##
....##.......†..Y.........#
........#..#.............##
.......##...##..#.#.#.....#
.......###.##†#.#.#.....###
.....P.......†..##.#....#
....##..................#
.....#.......###..##..#.#


You could see a death yak and 2 yaks.

Vanquished Creatures
  Erolcha (D:9)
  Harold (D:7)
  A hydra (Lair:3)
  A two-headed ogre (D:10)
  5 death yaks (Lair:3)
  2 orc knights (Bailey)
  2 gargoyles
  3 cane toads (Lair:2)
  Maggie (Lair:1)
  2 rime drakes (Lair:2)
  2 kobold demonologists (Bailey)
  A komodo dragon (Lair:1)
  6 polar bears
  6 hippogriffs
  A wyvern (Lair:3)
  A shadow (D:11)
  8 yaks
  Menkaure (D:7)
  3 water moccasins
  2 porcupines (Lair:3)
  An acid dragon (D:11)
  12 orc warriors
  2 sky beasts (D:5)
  A phantom (D:11)
  4 ice beasts
  5 black bears
  10 wolves
  14 centaurs
  A necrophage (D:6)
  3 ogres
  2 crocodiles (Lair:2)
  Blork the orc (D:6)
  2 big kobolds
  6 bullfrogs
  3 scorpions
  5 wights (D:11)
  2 killer bees (D:11)
  2 electric eels (Bailey)
  3 howler monkeys (D:7)
  A quasit (D:11)
  2 centaur zombies
  4 hounds
  6 orc priests
  4 bullfrog skeletons
  4 jellies
  4 centaur skeletons
  3 iguanas
  13 worker ants
  12 orc wizards
  2 killer bee zombies
  A worker ant zombie (D:5)
  10 gnolls
  7 adders
  3 shadow imps
  4 white imps
  4 ufetubi (D:9)
  3 adder zombies
  A worm (D:2)
  3 dart slugs
  5 leopard geckos
  40 orcs
  5 ball pythons
  6 giant cockroaches
  12 goblins
  15 hobgoblins
  6 jackals
  4 quokkas
  3 bats
  4 frilled lizards
  A jackal simulacrum (D:9)
  A jackal skeleton (D:5)
  A jackal zombie (D:8)
  15 kobolds
  A quokka zombie (D:5)
  6 rats
345 creatures vanquished.

Vanquished Creatures (others)
  2 bushes (Lair:3)
  3 fungi
  12 plants
17 creatures vanquished.

Grand Total: 362 creatures vanquished

Notes
Turn   | Place    | Note
-------+----------+-------------------------------------------
     0 | D:1      | kae the Draconian Transmuter began the quest for the Orb.
     0 | D:1      | Reached XP level 1. HP: 16/16 MP: 3/3
   351 | D:1      | Reached XP level 2. HP: 23/23 MP: 5/5
  1225 | D:2      | Reached XP level 3. HP: 17/28 MP: 4/6
  1418 | D:2      | Found a shimmering blue altar of Sif Muna.
  1548 | D:2      | Reached skill level 4 in Unarmed Combat
  1807 | D:2      | Found a glowing golden altar of the Shining One.
  1976 | D:2      | Reached XP level 4. HP: 26/35 MP: 5/7
  2134 | D:2      | Learned a level 2 spell: Wereblood
  2138 | D:2      | Learned a level 3 spell: Spider Form
  2179 | D:3      | Found a radiant altar of Vehumet.
  2809 | D:3      | Reached skill level 5 in Unarmed Combat
  2845 | D:3      | Found a blossoming altar of Fedhas.
  2885 | D:3      | Reached XP level 5. HP: 36/40 MP: 4/8
  3452 | D:4      | Reached XP level 6. HP: 47/47 MP: 5/9
  3541 | D:4      | Noticed an ice beast
  3554 | D:4      | Killed an ice beast
  3554 | D:4      | Reached skill level 6 in Unarmed Combat
  3834 | D:4      | Reached skill level 7 in Unarmed Combat
  3834 | D:4      | Your scales start taking on a golden yellow colour.
  3834 | D:4      | Reached XP level 7. HP: 52/52 MP: 7/10
  3834 | D:4      | Gained mutation: You are resistant to acid. (rCorr) [Yellow
                  | Draconian growth]
  4216 | D:4      | Found an ornate altar of the Wu Jian Council.
  4229 | D:4      | Became a worshipper of the Wu Jian Council
  4300 | D:5      | Entered Level 5 of the Dungeon
  4345 | D:5      | Reached skill level 5 in Transmutations
  4391 | D:5      | Found an iron altar of Okawaru.
  4438 | D:5      | Found a bloodstained altar of Trog.
  4438 | D:5      | Found a snail-covered altar of Cheibriados.
  4441 | D:5      | Found a burning altar of Makhleb.
  4913 | D:5      | Reached skill level 8 in Unarmed Combat
  4967 | D:5      | Reached * piety under Wu Jian
  5165 | D:5      | Reached XP level 8. HP: 59/59 MP: 9/11
  5739 | D:6      | Reached skill level 9 in Unarmed Combat
  6079 | D:6      | Reached ** piety under Wu Jian
  6144 | D:6      | Noticed Blork the orc
  6150 | D:6      | Killed Blork the orc
  6440 | D:7      | Noticed Harold
  6458 | D:7      | Killed Harold
  6458 | D:7      | Reached skill level 10 in Unarmed Combat
  6458 | D:7      | Reached XP level 9. HP: 64/64 MP: 12/12
  6805 | D:7      | Found a staircase to the Ecumenical Temple.
  6806 | D:7      | Noticed Menkaure
  6820 | D:7      | Killed Menkaure
  7206 | D:7      | Reached skill level 11 in Unarmed Combat
  7497 | D:6      | Noticed a rust devil
  7497 | D:6      | Noticed a rust devil
  8219 | D:8      | Reached XP level 10. HP: 59/71 MP: 9/13
  8269 | D:8      | Reached skill level 12 in Unarmed Combat
  8673 | D:9      | Reached *** piety under Wu Jian
  9380 | D:9      | Noticed Erolcha
  9395 | D:9      | Killed Erolcha
  9395 | D:9      | Reached skill level 13 in Unarmed Combat
  9604 | D:10     | Entered Level 10 of the Dungeon
  9604 | D:10     | Found a flagged portal.
  9881 | D:10     | Noticed a two-headed ogre
  9913 | D:10     | Killed a two-headed ogre
  9941 | Bailey   | Entered a bailey
 10336 | Bailey   | Found an iron altar of Okawaru.
 10359 | Bailey   | Reached skill level 10 in Transmutations
 10379 | Bailey   | Noticed a sixfirhy
 10379 | Bailey   | Reached XP level 11. HP: 74/77 MP: 14/14
 10525 | Bailey   | Learned a level 5 spell: Blade Hands
 10567 | Bailey   | Reached **** piety under Wu Jian
 10748 | Bailey   | Noticed an orc knight
 10758 | Bailey   | Killed an orc knight
 10758 | Bailey   | Reached skill level 14 in Unarmed Combat
 11244 | Bailey   | Noticed an orc knight
 11250 | Bailey   | Killed an orc knight
 11368 | Bailey   | Acquired the Grimoire of Transmigration
 11968 | D:10     | Learned a level 4 spell: Ice Form
 12918 | D:11     | Found a staircase to the Orcish Mines.
 13028 | D:11     | Reached ***** piety under Wu Jian
 13028 | D:11     | Reached skill level 5 in Spellcasting
 13032 | D:11     | Reached skill level 1 in Ice Magic
 13411 | D:11     | Found a staircase to the Lair.
 13680 | Lair:1   | Entered Level 1 of the Lair of Beasts
 14046 | Lair:1   | Noticed Maggie
 14054 | Lair:1   | Killed Maggie
 14627 | Lair:2   | Reached skill level 5 in Fighting
 15818 | Lair:3   | Noticed a seven-headed hydra
 15831 | Lair:3   | Killed a seven-headed hydra
 15831 | Lair:3   | Reached XP level 12. HP: 31/96 MP: 17/21
 16516 | Lair:3   | Learned a level 6 spell: Hydra Form
 16553 | Lair:3   | Found a staircase to the Shoals.
 16711 | Lair:3   | Reached skill level 5 in Dodging
 16905 | Lair:3   | Noticed a death yak
 16905 | Lair:3   | Noticed a death yak
 16908 | Lair:3   | Noticed a death yak
 16908 | Lair:3   | Noticed a death yak
 16910 | Lair:3   | Noticed a death yak
 16914 | Lair:3   | Noticed a death yak
 17508 | Lair:3   | Killed a death yak
 17656 | Lair:3   | Killed a death yak
 17661 | Lair:3   | Killed a death yak
 17677 | Lair:3   | Killed a death yak
 17683 | Lair:3   | Killed a death yak
 17689 | Lair:3   | HP: 4/96 [yak (14)]
 17694 | Lair:3   | Slain by a yak

Illustrated notes

Levels and vault maps discovered:
D:1:      co_arrival_random_square_maze, layout_basic
D:2:      layout_basic, nicolae_overflow_crystal_walls, marbit_many_paths
D:3:      layout_loops_corners, lemuel_round_altar, fedhas_altar_2
D:4:      layout_loops_ring, overflow_temple_1_default
D:5:      minmay_angry_zag, layout_loops_ring, okawaru_gym_becter,
          chequers_temple_overflow_statue_of_worship, kennysheep_generic_room_12
D:6:      cheibrodos_iron_armory, layout_basic, uniq_blork_the_orc
D:7:      layout_loops_cross, minmay_temple_entry_arrows, minmay_small_thing,
          uniq_menkaure, uniq_harold
D:8:      layout_cave_pools
D:9:      layout_irregular_city, serial_ice, serial_ice_i, serial_ice_h,
          serial_ice_a, serial_ice_g, uniq_erolcha
D:10:     layout_cave_pods, enter_bailey_2
D:11:     layout_loops_ring, lair_entry_dummy, orc_0_dummy
Lair:1:   layout_regular_city, serial_forest, infiniplex_forest_corner_1,
          infiniplex_forest_end_1, infiniplex_forest_lined_1,
          infiniplex_forest_clump_small, infiniplex_forest_clump_large,
          infiniplex_forest_straight_4, infiniplex_forest_lined_corner,
          chequers_serial_rivers_room_b, uniq_maggie
Lair:2:   layout_loops_ring
Lair:3:   beast_lair_carwin_large_3, layout_gridlike,
          minmay_shoals_entry_centaurs, spider_nest_entry_rubble

Skill      XL: |  1  2  3  4  5  6  7  8  9 10 11 12 |
---------------+-------------------------------------+-----
Unarmed Combat | 4 5 7 8 10 11 13 14 | 14.0
Transmutations | 3 4 5 7 8 10 11 | 11.6
Spellcasting   | 6 |  6.0
Fighting       | 6 |  6.0
Ice Magic      | 4 |  4.0
Dodging        | 3 6 |  6.0

Action                   |  1- 3 |  4- 6 |  7- 9 | 10-12 || total
-------------------------+-------+-------+-------+-------++-------
Melee: Unarmed           |    98 |   145 |   277 |   558 ||  1078
       Headbutt          |    11 |    10 |     8 |     6 ||    35
       Kick              |    14 |    15 |    12 |    11 ||    52
       Tailslap          |     7 |     6 |    13 |    34 ||    60
       Punch             |     1 |     1 |     6 |    15 ||    23
 Cast: Beastly Appendage |    22 |    18 |    16 |     5 ||    61
       Spider Form       |       |     7 |    27 |    25 ||    59
       Blade Hands       |       |       |       |    36 ||    36
       Ice Form          |       |       |       |     5 ||     5
       Hydra Form        |       |       |       |     2 ||     2
Invok: Lunge             |       |       |    15 |    32 ||    47
       Whirlwind         |       |       |     1 |    15 ||    16
       Serpent's Lash    |       |       |       |     3 ||     3
 Abil: Breathe Acid      |       |       |     4 |       ||     4
Evoke: Wand              |       |       |     3 |     3 ||     6
  Use: Scroll            |     6 |     5 |     6 |    14 ||    31
       Potion            |       |       |     2 |     1 ||     3
 Stab: Sleeping          |     3 |       |     1 |       ||     4
       Distracted        |       |       |     2 |       ||     2
Armor: Skin              |    32 |    32 |    66 |   126 ||   256
Dodge: Dodged            |    59 |    87 |   141 |   399 ||   686

Table legend: (Time is in decaauts)
 A = Elapsed time spent in this place.
 B = Non-inter-level travel time spent in this place.
 C = Inter-level travel time spent in this place.
 D = Time resting spent in this place.
 E = Time spent auto-exploring this place.
 F = Levels seen in this place.
 G = Mean time per level.
                   A        B        C        D        E       F      G
               +--------+--------+--------+--------+--------+-----+--------+
         Total |  17519 |  17081 |    438 |   2139 |  12611 |  15 | 1167.9 |
       Dungeon |  12096 |  11715 |    381 |    375 |   9587 |  11 | 1099.6 |
          Lair |   3978 |   3921 |     57 |   1028 |   2524 |   3 | 1326.0 |
        Bailey |   1444 |   1444 |      0 |    736 |    499 |   1 | 1444.0 |
               +--------+--------+--------+--------+--------+-----+--------+

Top non-repeatable levels by time:
  Lair:2: 1906 daAuts
  Bailey: 1444 daAuts
    D:10: 1375 daAuts
     D:7: 1266 daAuts
    D:11: 1206 daAuts
     D:1: 1181 daAuts
     D:6: 1146 daAuts
  Lair:3: 1141 daAuts
     D:3: 1129 daAuts
     D:9: 1003 daAuts
     D:4: 992 daAuts
     D:2: 974 daAuts
     D:5: 957 daAuts
  Lair:1: 930 daAuts
     D:8: 863 daAuts
